Map: Ephemeron LE

Players

Tossisdead

  • Race: Terran Terran
  • League: Diamond
  • Spawn Location: 11:00

Alken - Winner!

  • Race: Protoss Protoss
  • League: Diamond
  • Spawn Location: 5:00

VOD

Have the link to the VOD?

Description

Time

  • Played on: Nov. 25, 2019, 9:42 p.m.
  • Length: 13:58
Show
View Real Time Build Order
Export as new Build Order

Tossisdead Terran 

Build Orders: Mech 

Get SALT Encoding   

  12  0:00  SCV  
  13  0:13  SCV  
  14  0:18  Supply Depot  
  14  0:25  SCV  
  15  0:39  SCV  
  15  0:40  Barracks  
  16  0:45  Refinery  
  16  0:51  SCV  
  17  1:03  SCV  
  18  1:11  Supply Depot  
  18  1:16  SCV  
  19  1:19  Refinery  
  19  1:28  SCV  
  19  1:32  Reaper  
  22  1:53  Command Center  
  21  2:04  Orbital Command  
  21  2:21  Factory  
  21  2:26  Barracks Reactor  
  21  2:32  SCV  
  23  2:44  SCV  
  23  2:56  SCV  
  24  3:06  Orbital Command  
  24  3:07  Bunker  
  24  3:08  SCV  
  25  3:15  Barracks Tech Lab  
  25  3:17  Starport, Hellion x2  
  29  3:20  SCV  
  30  3:31  SCV  
  30  3:32  SCV  
  32  3:37  Marine  
  32  3:41  Hellion x2  
  37  3:44  SCV x2  
  39  3:55  Medivac, Supply Depot  
  41  3:56  SCV  
  41  4:02  SCV  
  43  4:08  SCV  
  44  4:14  SCV  
  44  4:16  Marine  
  46  4:20  SCV  
  47  4:24  Supply Depot x2  
  47  4:26  SCV  
  48  4:32  SCV  
  49  4:39  SCV  
  49  4:43  Refinery  
  49  4:44  Refinery, SCV  
  51  4:48  Factory x3  
  51  5:00  SCV x2  
  51  5:06  Command Center  
  53  5:12  SCV x2  
  55  5:24  SCV x2  
  56  5:36  SCV  
  56  5:40  SCV  
  54  5:48  SCV  
  51  5:52  Factory Tech Lab, SCV  
  51  5:53  Factory Tech Lab x2  
  52  6:00  SCV  
  53  6:04  SCV  
  53  6:08  Infernal Pre-Igniter, Siege Tank  
  57  6:12  SCV  
  57  6:14  Mag-Field Accelerator  
  57  6:16  Hellion x3, SCV  
  57  6:18  Factory  
  65  6:19  Orbital Command  
  65  6:24  SCV  
  66  6:27  Supply Depot  
  66  6:29  Supply Depot  
  66  6:30  SCV  
  67  6:34  Armory  
  67  6:36  Armory  
  67  6:37  SCV  
  67  6:38  Siege Tank x2  
  74  6:41  Siege Tank  
  74  6:44  Siege Tank  
  80  6:55  SCV  
  80  6:56  SCV  
  80  7:01  Supply Depot x2  
  82  7:02  Supply Depot  
  82  7:07  Hellion x2  
  86  7:19  Cyclone  
  86  7:20  Cyclone x2  
  91  7:32  Cyclone  
  91  7:40  Orbital Command  
  91  7:45  Hellion  
  91  7:46  Hellion  
  95  7:52  Hellion  
  95  7:53  Terran Vehicle And Ship Armor Level 1, Terran Vehicle Weapons Level 1  
  97  8:00  Siege Tank  
  97  8:01  Siege Tank  
  97  8:03  SCV x2  
  105  8:06  SCV  
  105  8:08  Refinery  
  105  8:09  Refinery  
  105  8:12  Engineering Bay  
  106  8:14  Cyclone  
  109  8:20  Hellion x2, Cyclone  
  116  8:32  SCV x2  
  116  8:33  SCV  
  119  8:41  Siege Tank  
  119  8:42  Cyclone  
  119  8:43  Hellion x2  
  119  8:44  SCV  
  119  8:48  Cyclone  
  133  8:52  Command Center, SCV x2  
  135  8:56  SCV  
  112  9:22  Siege Tank  
  112  9:23  Hellion, Siege Tank x3  
  112  9:24  Hellion  
  116  9:27  SCV  
  116  9:28  SCV x2  
  119  9:45  Hellion, Starport Reactor  
  108  10:02  Cyclone x2  
  108  10:03  Hellion, Cyclone x2  
  108  10:06  Hellion  
  116  10:19  Liberator x2  
  107  10:24  Hellion  
  109  10:28  Terran Vehicle And Ship Armor Level 2, Terran Vehicle Weapons Level 2  
  109  10:30  Orbital Command  
  115  10:51  Cyclone x4  
  115  10:52  Hellion x2  
  131  11:03  Armory  
  131  11:06  Liberator x2  
  131  11:07  Starport  
  131  11:09  Starport  
  131  11:13  Hellion  
  139  11:33  Orbital Command  
  139  11:39  Cyclone x2  
  145  11:40  Hellion x4  
  153  11:50  Starport Tech Lab, Starport Reactor  
  153  12:01  Hellion  
  155  12:13  Cyclone x2  
  161  12:29  Fusion Core  
  161  12:30  Refinery x2  
  161  12:32  Missile Turret  
  161  12:41  Cyclone  
  161  12:42  Hellion x2, Cyclone  
  168  12:58  Command Center  
  166  13:09  Cyclone  
  166  13:10  Medivac x3, Cyclone  
  149  13:25  Hellion x4  
Show
View Real Time Build Order
Export as new Build Order

Alken Protoss - Winner!

Build Orders: 1 Gate Expand, Phoenix Opening, Archon Immortal, Colossus Rush 

Get SALT Encoding   

  12  0:01  Probe  
  13  0:13  Probe (Chrono Boost)  
  14  0:21  Pylon  
  14  0:26  Probe (Chrono Boost)  
  15  0:38  Probe (Chrono Boost)  
  15  0:42  Gateway  
  16  0:49  Probe  
  17  0:50  Assimilator  
  17  1:01  Probe  
  18  1:13  Probe  
  19  1:29  Probe  
  19  1:31  Nexus  
  20  1:39  Cybernetics Core  
  20  1:43  Probe  
  21  1:50  Assimilator  
  21  2:02  Pylon  
  21  2:04  Probe (Chrono Boost)  
  22  2:14  Gateway  
  22  2:15  Sentry  
  23  2:21  Probe (Chrono Boost)  
  24  2:26  Warp Gate, Probe (Chrono Boost)  
  25  2:38  Probe  
  26  2:50  Shield Battery  
  26  2:58  Stalker (Chrono Boost)  
  26  3:04  Probe x2 (Chrono Boost)  
  32  3:06  Phoenix  
  32  3:08  Stalker (Chrono Boost)  
  32  3:17  Probe (Chrono Boost)  
  32  3:19  Probe (Chrono Boost)  
  34  3:22  Robotics Facility  
  34  3:25  Pylon  
  34  3:26  Probe (Chrono Boost)  
  34  3:28  Sentry  
  37  3:39  Probe x2  
  39  3:51  Probe (Chrono Boost)  
  39  3:52  Probe (Chrono Boost)  
  42  4:03  Probe (Chrono Boost)  
  42  4:09  Probe (Chrono Boost)  
  43  4:11  Probe (Chrono Boost)  
  43  4:15  Observer (Chrono Boost), Probe, Robotics Bay  
  46  4:17  Zealot x2  
  46  4:19  Probe  
  51  4:27  Probe  
  51  4:42  Gateway  
  51  4:43  Gateway  
  51  4:44  Gateway  
  51  4:59  Pylon, Probe  
  54  5:02  Pylon  
  54  5:05  Extended Thermal Lance (Chrono Boost)  
  53  5:16  Colossus (Chrono Boost)  
  53  5:17  Probe x2  
  53  5:20  Assimilator  
  60  5:22  Assimilator  
  49  5:43  Stalker  
  49  5:44  Stalker  
  50  5:52  Probe (Chrono Boost)  
  50  5:55  Zealot x3  
  58  5:57  Probe (Chrono Boost)  
  58  6:03  Probe (Chrono Boost)  
  59  6:05  Probe (Chrono Boost)  
  59  6:07  Colossus (Chrono Boost)  
  66  6:13  Zealot  
  66  6:14  Zealot  
  66  6:15  Nexus  
  70  6:19  Pylon  
  70  6:34  Forge  
  70  6:36  Pylon  
  70  6:37  Probe  
  71  6:50  Colossus (Chrono Boost)  
  77  7:00  Probe x2  
  79  7:12  Probe  
  70  7:31  Probe x3  
  67  7:41  Robotics Facility  
  67  7:44  Probe x2 (Chrono Boost), Twilight Council  
  70  7:45  Probe (Chrono Boost)  
  69  7:53  Protoss Ground Weapons Level 1  
  69  7:56  Probe x3 (Chrono Boost)  
  72  8:00  Immortal  
  72  8:03  Probe x3 (Chrono Boost)  
  79  8:11  Probe x2  
  81  8:17  Zealot x3  
  87  8:20  Assimilator, Probe  
  87  8:23  Charge (Chrono Boost), Probe  
  87  8:24  Assimilator  
  87  8:25  Templar Archives  
  89  8:28  Probe  
  90  8:35  Pylon, Probe x2  
  90  8:40  Probe  
  98  8:48  Observer (Chrono Boost)  
  98  8:51  Immortal (Chrono Boost)  
  98  8:55  Probe  
  98  8:56  Probe  
  98  8:58  Photon Cannon  
  98  9:02  Zealot x3  
  100  9:03  Zealot  
  92  9:22  Zealot  
  92  9:23  Immortal (Chrono Boost)  
  92  9:24  Immortal (Chrono Boost)  
  83  9:28  High Templar x4  
  91  9:32  Archon x2  
  91  9:38  Probe x3  
  94  9:43  Stalker  
  96  9:59  Warp Prism (Chrono Boost)  
  90  10:03  Zealot x4  
  90  10:06  Immortal (Chrono Boost)  
  100  10:13  Pylon  
  104  10:14  Pylon  
  96  10:21  Probe x2  
  96  10:22  Probe  
  99  10:33  Immortal  
  103  10:36  Nexus  
  103  10:38  High Templar x3  
  103  10:39  High Templar, Zealot  
  113  10:43  Immortal  
  113  10:44  Archon x2  
  117  10:50  Protoss Ground Weapons Level 2 (Chrono Boost), Probe x2 (Chrono Boost)  
  117  10:51  Pylon  
  117  10:55  Probe (Chrono Boost)  
  120  11:00  Pylon  
  120  11:04  Pylon  
  120  11:10  High Templar  
  120  11:11  High Templar x2  
  124  11:12  High Templar  
  124  11:15  Pylon, Immortal (Chrono Boost), Archon  
  124  11:16  Archon  
  132  11:20  Probe x3  
  135  11:26  Pylon  
  135  11:28  Assimilator  
  135  11:29  Pylon  
  141  11:33  Assimilator  
  141  11:37  Pylon  
  143  11:40  Probe x2  
  143  11:50  Zealot x3  
  143  11:51  Immortal, High Templar x2  
  143  11:53  Colossus  
  157  11:57  Archon  
  155  12:13  Stalker  
  155  12:14  Stalker x2  
  155  12:20  Probe x2  
  155  12:21  Probe  
  158  12:36  Stalker x2  
  158  12:40  Gateway  
  158  12:42  Gateway  
  158  12:44  Probe x3  
  157  12:45  Gateway  
  157  12:52  Probe  
  157  12:56  Probe x2  
  153  13:29  Zealot x5  
Tags
 
Add a new tag
Caveats
  • Supply blocks, unpowered buildings, or Contaminate may cause inaccurate times.
  • Supply counts are checked every 10 seconds.